 Dungeon Crawl Stone Soup version 0.27-a0-406-g23f261fbd2 (webtiles) character file.

Game seed: 15130364199136934665

25 dickylongcocking the Chiller (level 2, -1/19 HPs)
             Began as a Demonspawn Ice Elementalist on Feb 22, 2021.
             Killed from afar by Sigmund (8 damage)
             ... with a puff of flame
             ... on level 2 of the Dungeon.
             The game lasted 00:02:01 (2457 turns).

dickylongcocking the Chiller (DsIE)                 Turns: 2457, Time: 00:02:02

Health: -1/19      AC:  2    Str:  8    XL:     2   Next: 86%
Magic:  0/5        EV: 11    Int: 16    God:
Gold:   111        SH:  3    Dex: 13    Spells: 4/5 levels left

rFire    . . .     SeeInvis .   (no weapon)
rCold    + . .     Faith    .   f - +0 buckler {rC+}
rNeg     . . .     Spirit   .   a - +0 robe
rPois    .         Reflect  .   (no helmet)
rElec    .         Harm     .   (no cloak)
rCorr    .         Rampage  .   (no gloves)
Will     .....                  (no boots)
Stlth    ++........             (no amulet)
HPRegen  0.06/turn              (no ring)
MPRegen  0.09/turn              (no ring)

@: no status effects
A: hooves 1
a: no special abilities


You were on level 2 of the Dungeon.
You visited 1 branch of the dungeon, and saw 2 of its levels.

You collected 111 gold pieces.

Inventory:

Armour
 a - a +0 robe (worn)
 f - a +0 buckler of cold resistance (worn)
Scrolls
 b - a scroll of amnesia {unknown}
 e - a scroll of identify {unknown}
 g - 2 scrolls of teleportation {unknown}
Potions
 c - a potion of resistance
 d - 3 potions of heal wounds {unknown}


   Skills:
 - Level 1.7 Dodging
 - Level 1.8 Stealth
 * Level 0.6 Shields
 - Level 2.2 Spellcasting
 + Level 4.2 Ice Magic


You had 4 spell levels left.
You knew the following spells:

 Your Spells              Type           Power        Failure   Level
a - Freeze                Ice            60%          5%          1

Your spell library contained the following spells:

 Spells                   Type           Power        Failure   Level
 Frozen Ramparts          Ice            30%          16%         3
 Ozocubu's Armour         Ice            15%          16%         3
 Hailstorm                Conj/Ice       8%           78%         4
 Summon Ice Beast         Ice/Summ       8%           78%         4


Dungeon Overview and Level Annotations

Branches:
Dungeon (2/15)

Altars:

Annotations:
D:2 Sigmund


Innate Abilities, Weirdness & Mutations

You have large cloven feet.


Message History

Aim: Sigmund, wielding a +0 scythe and wearing a +0 robe You freeze Sigmund!
Sigmund is moderately wounded.
Casting: Freeze (safe; 5% risk of failure)
Confirm with . or Enter, or press ? or * to list all spells.
Aiming: Freeze (safe; 5% risk of failure)
Press: ? - help, Shift-Dir - straight line, f/p - Sigmund
Aim: Sigmund, wielding a +0 scythe and wearing a +0 robe (moderately wounded)
You freeze Sigmund.
Sigmund is moderately wounded.
Sigmund points at you and mumbles some strange words.
The magic dart hits you.
Casting: Freeze (safe; 5% risk of failure)
Confirm with . or Enter, or press ? or * to list all spells.
Aiming: Freeze (safe; 5% risk of failure)
Press: ? - help, Shift-Dir - straight line, f/p - Sigmund
Aim: Sigmund, wielding a +0 scythe and wearing a +0 robe (moderately wounded)
You freeze Sigmund.
Sigmund is heavily wounded.
Sigmund casts a spell at you. The magic dart hits you!
Unknown command.
Casting: Freeze (safe; 5% risk of failure)
Confirm with . or Enter, or press ? or * to list all spells.
Aiming: Freeze (safe; 5% risk of failure)
Press: ? - help, Shift-Dir - straight line, f/p - Sigmund
Aim: Sigmund, wielding a +0 scythe and wearing a +0 robe (heavily wounded)
You freeze Sigmund.
Sigmund is severely wounded.
You block Sigmund's attack.
Casting: Freeze (safe; 5% risk of failure)
Confirm with . or Enter, or press ? or * to list all spells.
Aiming: Freeze (safe; 5% risk of failure)
Press: ? - help, Shift-Dir - straight line, f/p - Sigmund
Aim: Sigmund, wielding a +0 scythe and wearing a +0 robe (severely wounded)
You freeze Sigmund.
Sigmund is almost dead.
Sigmund casts a spell at you. The puff of flame hits you!
You die...

... ####. #.#
#.... #.# #.##.
#.# #.##.
#####.### #.##.
#.......######.###
+.................
#.##....######....
#@###.#.# #.###
#@#...#.# #.# #
#.#.###.# #.###
#.#. #.# #.#.. #.#
#.# #.#.# #.. ..#
#.#.# ### #.#.#
#.... ###.#


You could see Sigmund.

Vanquished Creatures
  A worm (D:2)
  A dart slug (D:1)
  A ball python (D:1)
  A giant cockroach (D:1)
  3 goblins (D:1)
  4 hobgoblins
  2 jackals (D:1)
  A kobold (D:1)
  A frilled lizard (D:1)
  3 rats (D:1)
18 creatures vanquished.

Notes
Turn   | Place    | Note
-------+----------+-------------------------------------------
     0 | D:1      | dickylongcocking the Demonspawn Ice Elementalist began the
                  | quest for the Orb.
     0 | D:1      | Reached XP level 1. HP: 13/13 MP: 3/3
   373 | D:1      | Reached skill level 4 in Ice Magic
   783 | D:1      | Gained mutation: You have large cloven feet. [demonic
                  | ancestry]
   783 | D:1      | Reached XP level 2. HP: 19/19 MP: 0/5
  2450 | D:2      | Noticed Sigmund
  2457 | D:2      | Killed from afar by Sigmund

Illustrated notes

Levels and vault maps discovered:
D:1:      minmay_arrival_plants_in_alcoves, layout_loops_ring,
          serial_park_tiny_1, nrook_uturn
D:2:      layout_loops_corners, gammafunk_temple_overflow_claw,
          lemuel_flame_loot_1, uniq_sigmund, uniq_jessica

Skill      XL: |  1 |
---------------+----+-----
Ice Magic      | 4 |  4.2
Dodging        | |  1.7
Stealth        | |  1.8
Shields        | |  0.6
Spellcasting   | |  2.2

Action                   || total
-------------------------++-------
Melee: Unarmed           ||    11
       Kick              ||     3
 Cast: Freeze            ||    40
  Use: Potion            ||     2
Armor: Robe              ||     2
Dodge: Dodged            ||    18
Block: Buckler           ||     6

Table legend: (Time is in decaauts)
 A = Elapsed time spent in this place.
 B = Non-inter-level travel time spent in this place.
 C = Inter-level travel time spent in this place.
 D = Time resting spent in this place.
 E = Time spent auto-exploring this place.
 F = Levels seen in this place.
 G = Mean time per level.
                   A        B        C        D        E       F      G
               +--------+--------+--------+--------+--------+-----+--------+
         Total |   2457 |   2399 |     58 |    795 |   1414 |   2 | 1228.5 |
       Dungeon |   2457 |   2399 |     58 |    795 |   1414 |   2 | 1228.5 |
               +--------+--------+--------+--------+--------+-----+--------+

Top non-repeatable levels by time:
     D:1: 1739 daAuts
     D:2: 718 daAuts
